 Dungeon Crawl Stone Soup version 0.18.1-48-g4cf74bf (webtiles) character file.

718 dvd the Archer (level 7, -3/56 HPs)
             Began as a Centaur Hunter on July 1, 2016.
             Slain by a hell hound (9 damage)
             ... on level 5 of the Dungeon on July 2, 2016.
             The game lasted 00:18:52 (5570 turns).

dvd the Archer (Centaur Hunter)                     Turns: 5570, Time: 00:18:54

Health: -3/56      AC: 11    Str: 14    XL:     7   Next: 42%
Magic:  7/7        EV:  9    Int: 10    God:
Gold:   178        SH:  0    Dex: 12    Spells: 0 memorised, 6 levels left

rFire  . . .     SeeInvis .     b - +2 dagger (protect)
rCold  . . .     Gourm    .     v - +0 ring mail (curse)
rNeg   . . .     Faith    .     (no shield)
rPois  +         Spirit   .     (helmet restricted)
rElec  .         Dismiss  .     (no cloak)
rCorr  .         Reflect  .     j - +0 pair of gloves
SustAt .         Harm     .     (no barding)
MR     .....                    (no amulet)
Stlth  ..........               (no ring)
                                y - ring of poison resistance

@: very slightly contaminated, very quick, not resistant to hostile
enchantments, extremely unstealthy
A: antennae 1, hooves 3, deformed body, speed 2, tough skin 3, subdued magic 1
a: no special abilities


You were on level 5 of the Dungeon.
You were not hungry.

You visited 1 branch of the dungeon, and saw 5 of its levels.

You collected 178 gold pieces.

Inventory:

Hand Weapons
 a - a +2 shortbow of flaming
 b - a +2 dagger of protection (weapon)
 c - a +0 hunting sling
 g - a +0 dagger of freezing
Missiles
 r - 20 bolts
 t - 60 stones (quivered)
Armour
 j - a +0 pair of gloves (worn)
 o - a +0 robe of positive energy
 v - a cursed +0 ring mail (worn)
 w - a +0 helmet
Jewellery
 y - a ring of poison resistance (left hand)
Wands
 h - a wand of polymorph (6/24)
Scrolls
 e - 2 scrolls of amnesia
 k - a scroll of recharging
 l - a scroll of magic mapping
 m - 4 scrolls of identify
 n - a scroll of enchant weapon
 u - 2 scrolls of teleportation
 x - a scroll of fear
Potions
 s - a potion of haste
Comestibles
 f - 2 bread rations
 i - a beef jerky
 p - 7 fruits
 q - 3 meat rations
 z - 5 chunks of flesh


   Skills:
 + Level 2.7 Fighting
 + Level 1.0 Short Blades
 + Level 2.0(2.1) Slings
 + Level 9.1 Bows
 + Level 0.7(1.4) Throwing
 + Level 1.7 Armour
 + Level 3.0 Dodging
 + Level 1.2 Stealth


You had 6 spell levels left.
You didn't know any spells.

Dungeon Overview and Level Annotations

Branches:
Dungeon (5/15)
 Temple: D:4-7

Altars:
Cheibriados
Elyvilon
Nemelex Xobeh
Ru
Vehumet
Yredelemnul
Zin

Shops:
D:4 }(

Annotations:
D:3 1 runed door
D:4 Aquadorian's ghost, novice DrTm


Innate Abilities, Weirdness & Mutations

You have hooves in place of feet.
Armour fits poorly on your strangely shaped body.
You cover ground very quickly.
You have extremely tough skin (AC +3).
You have a pair of small antennae on your head.
Your spells are a little easier to cast, but a little less powerful.


Message History

The water moccasin bites you but does no damage.
You barely miss the water moccasin.
The water moccasin is moderately wounded.
The water moccasin bites you.
* * * LOW HITPOINT WARNING * * *
Evoke which item? (* to show all) (? for menu, Esc to quit)
Zapping:
h - a wand of polymorph (will waste charges)
Press: ? - help, Shift-Dir - straight line, f/p - water moccasin
Aim: a water moccasin (moderately wounded, chance to defeat MR: 46%)
The water moccasin evaporates and reforms as a hell hound!
Evoking this partially-identified wand wasted a few charges.
Evoke which item? (* to show all) (? for menu, Esc to quit)
Zapping:
h - a wand of polymorph {zapped: 2} (will waste charges)
Press: ? - help, Shift-Dir - straight line, f/p - hell hound
Aim: a hell hound (chance to defeat MR: 46%)
The hell hound resists with some effort.
Evoking this partially-identified wand wasted a few charges.
You feel yourself slow down. The hell hound bites you!
You die...

##...## ##.## #.# #.#
##'## ##...## ##
##.....## ##.#
##.......##
##.#...####....@h.((###
.......[..'.........(..
##.#...####..[......###
##.# ##.......## ...
##.....## .## ##.>.## #
##'## #.# #.#


You could see a hell hound.

Vanquished Creatures
  Grinder (D:3)
  An ice beast (D:5)
  A scorpion (D:5)
  A howler monkey (D:5)
  An orc priest (D:4)
  An orc wizard (D:4)
  Ijyb (D:3)
  2 worker ants (D:5)
  5 gnolls
  5 adders
  3 shadow imps (D:5)
  4 worms
  A dart slug (D:2)
  4 giant geckos
  16 orcs
  A giant cockroach (D:5)
  4 goblins
  6 hobgoblins
  4 jackals (D:4)
  2 quokkas
  6 bats
  2 giant newts
  2 jackal skeletons (D:4)
  7 kobolds
  7 rats
88 creatures vanquished.

Notes
Turn   | Place    | Note
--------------------------------------------------------------
     0 | D:1      | dvd the Centaur Hunter began the quest for the Orb.
     0 | D:1      | Reached XP level 1. HP: 17/17 MP: 1/1
   146 | D:1      | Reached XP level 2. HP: 24/24 MP: 2/2
   310 | D:1      | Reached skill level 6 in Bows
   524 | D:2      | Found a sparkling altar of Nemelex Xobeh.
   543 | D:2      | Reached XP level 3. HP: 29/29 MP: 3/3
  1052 | D:2      | Reached XP level 4. HP: 36/36 MP: 4/4
  1199 | D:2      | Reached skill level 7 in Bows
  1417 | D:3      | Found a glowing silver altar of Zin.
  1417 | D:3      | Noticed an angel
  1418 | D:3      | Found a runed door.
  1687 | D:3      | Noticed Ijyb
  1701 | D:3      | Killed Ijyb
  1706 | D:3      | Found a basalt altar of Yredelemnul.
  1814 | D:3      | Noticed Grinder
  1817 | D:3      | Paralysed by Grinder for 3 turns
  1832 | D:3      | Paralysed by Grinder for 4 turns
  1841 | D:3      | Paralysed by Grinder for 7 turns
  1856 | D:3      | Killed Grinder
  1856 | D:3      | Reached skill level 8 in Bows
  1856 | D:3      | Reached skill level 1 in Stealth
  1856 | D:3      | Reached XP level 5. HP: 4/42 MP: 5/5
  1856 | D:3      | Reached XP level 6. HP: 5/50 MP: 6/6
  1963 | D:3      | Gained mutation: Your spells are a little easier to cast, but a little less powerful. [potion of mutation]
  1963 | D:3      | Gained mutation: You have a pair of small antennae on your head. [potion of mutation]
  2354 | D:3      | Found a white marble altar of Elyvilon.
  2564 | D:4      | Reached skill level 9 in Bows
  2590 | D:4      | Found Yleyx's Gadget Shop.
  2676 | D:4      | Noticed Aquadorian's ghost (novice DrTm)
  2738 | D:4      | Found a sacrificial altar of Ru.
  2738 | D:4      | Found a snail-covered altar of Cheibriados.
  2743 | D:4      | Found a radiant altar of Vehumet.
  2793 | D:4      | Found Meushroh's Weapon Boutique.
  3926 | D:5      | Entered Level 5 of the Dungeon
  4005 | D:5      | Noticed an ice beast
  4024 | D:5      | Killed an ice beast
  4024 | D:5      | Reached skill level 1 in Slings
  4024 | D:5      | Reached skill level 1 in Armour
  4024 | D:5      | Reached XP level 7. HP: 39/56 MP: 7/7
  4994 | D:5      | Reached skill level 1 in Short Blades
  5570 | D:5      | Slain by a hell hound

Skill      XL: |  1  2  3  4  5  6  7 |
---------------+----------------------+-----
Bows           | 6 8 9 |  9.1
Dodging        | 2 3 |  3.0
Stealth        | 1 |  1.2
Slings         | 1 2 |  2.0
Armour         | 1 |  1.7
Short Blades   | 1 |  1.0
Fighting       | |  2.7
Throwing       | |  0.7

Action                   |  1- 3 |  4- 6 |  7- 9 || total
-------------------------+-------+-------+-------++-------
Melee: Short sword       |     6 |     1 |       ||     7
       Dagger            |       |   130 |   156 ||   286
       Kick              |       |    28 |    41 ||    69
 Fire: Shortbow          |    61 |    70 |       ||   131
       Hunting sling     |       |    56 |    33 ||    89
Throw: Stone             |       |     9 |     4 ||    13
Evoke: Wand              |       |       |     2 ||     2
  Use: Potion            |       |     4 |     5 ||     9
       Scroll            |       |    12 |     1 ||    13
  Eat: Chunk             |       |     5 |     5 ||    10
       Beef jerky        |       |     1 |       ||     1
       Fruit             |       |       |     1 ||     1
Armor: Leather armour    |     2 |       |       ||     2
       Robe              |     2 |    16 |       ||    18
       Skin              |       |     3 |       ||     3
       Ring mail         |       |    77 |    59 ||   136
Dodge: Dodged            |    10 |    94 |    69 ||   173
